 Dungeon Crawl Stone Soup version 0.28.0-53-g5a82cb258f (webtiles) character file.

Game seed: 1167664415469939480

595 Zeld the Skirmisher (level 7, 0/64 HPs)
             Began as a Minotaur Berserker on May 22, 2022.
             Was a Follower of Trog.
             Succumbed to a scorpion's poison
             ... on level 6 of the Dungeon.
             The game lasted 00:01:17 (2548 turns).

Zeld the Skirmisher (Minotaur Berserker)            Turns: 2548, Time: 00:01:18

Health: 0/64       AC:  2    Str: 24    XL:     7   Next: 17%
Magic:  6/6        EV: 12    Int:  4    God:    Trog [*.....]
Gold:   109        SH:  0    Dex:  9    Spells: 6/6 levels left

rFire   . . .      SeeInvis .   a - +0 hand axe
rCold   . . .      Faith    .   (no shield)
rNeg    . . .      Spirit   .   b - +0 animal skin
rPois   .          Reflect  .   (helmet restricted)
rElec   .          Harm     .   (no cloak)
rCorr   .          Rampage  .   (no gloves)
Will    .....                   (no boots)
Stlth   +.........              (no amulet)
HPRegen 0.20/turn               (no ring)
MPRegen 0.10/turn               (no ring)

@: lethally poisoned (0 -> -1), on berserk cooldown, slowed, very slow
A: horns 2, retaliatory headbutt
a: Renounce Religion, Berserk


You were on level 6 of the Dungeon.
You worshipped Trog.
Trog was aware of your devotion.
You visited 1 branch of the dungeon, and saw 6 of its levels.

You collected 109 gold pieces.

Inventory:

Hand Weapons
 a - a +0 hand axe (weapon)
Armour
 b - a +0 animal skin (worn)
Scrolls
 d - a scroll of fear {unknown}
 g - 2 scrolls of fog {unknown}
 h - 2 scrolls of identify {unknown}
 i - a scroll of magic mapping {unknown}
 k - a scroll of amnesia {unknown}
Potions
 c - a potion of heal wounds {unknown}
 e - a potion of berserk rage {unknown}
 f - a potion of invisibility {unknown}
 j - a potion of curing {unknown}


   Skills:
 * Level 6.4 Fighting
 * Level 6.4 Axes
 + Level 4.4 Armour
 + Level 4.0 Dodging


You had 6 spell levels left.
You didn't know any spells.
Your spell library was empty.

Dungeon Overview and Level Annotations

Branches:
Dungeon (6/15)
 Temple: D:4-7

Altars:


Innate Abilities, Weirdness & Mutations

You have a pair of horns on your head.
You reflexively headbutt those who attack you in melee.


Message History

You closely miss the scorpion.
The scorpion is severely wounded.
The scorpion stings you.
* * * LOW HITPOINT WARNING * * *
You are more poisoned.
The scorpion poisons you!
You slash the scorpion!
You kill the scorpion!
Trog accepts your kill.
* * * LOW HITPOINT WARNING * * *
You feel very sick.
Your Dodging skill increases to level 4!
You feel sick.
You start resting.
You feel a strong urge to attack something.
You feel sick.
You start resting.
You feel sick.
You feel your anger nearly subside.
You are no longer berserk.
You are exhausted.
You feel yourself slow down.
* * * LOW HITPOINT WARNING * * *
You feel sick.
There is a lethal amount of poison in your body!
There is a lethal amount of poison in your body!
There is a lethal amount of poison in your body!
There is a lethal amount of poison in your body!
There is a lethal amount of poison in your body!
There is a lethal amount of poison in your body!
There is a lethal amount of poison in your body!
There is a lethal amount of poison in your body!
There is a lethal amount of poison in your body!
Okay, then.
Okay, then.
* * * LOW HITPOINT WARNING * * *
You feel sick.
* * * LOW HITPOINT WARNING * * *
You feel sick.
* * * LOW HITPOINT WARNING * * *
You feel sick.
You die...

.............##..#####.
............# #....##..
. #.##....... ##.#......
..#..##....####..#.##...
........รท##.#.....##..#
.......(.........###..#
..##.......#.....###..#
##.....###.........#
...##.@...###.#...##..#
.............#####.....#
.###.....<#.....#.#...##
#......#####.........
##....## ##.........
#.#... #..........
####........./.#....
##.....l....##$..
........... #.#


There were no monsters in sight!

Vanquished Creatures
  A komodo dragon (D:6)
  A centaur (D:6)
  A scorpion (D:6)
  A water moccasin skeleton (D:6)
  A bullfrog zombie (D:5)
  A jelly (D:6)
  An iguana (D:6)
  A hound skeleton (D:5)
  4 gnolls
  A white imp (D:5)
  A worm (D:1)
  5 endoplasms
  A giant cockroach (D:2)
  2 goblins
  2 hobgoblins (D:3)
  A quokka (D:5)
  A ball python (D:2)
  3 bats (D:2)
  2 frilled lizards (D:2)
  2 kobolds
  A rat (D:2)
34 creatures vanquished.

Notes
Turn   | Place    | Note
-------+----------+-------------------------------------------
     0 | D:1      | Zeld the Minotaur Berserker began the quest for the Orb.
     0 | D:1      | Reached XP level 1. HP: 19/19 MP: 0/0
   262 | D:2      | Reached XP level 2. HP: 16/27 MP: 1/1
   889 | D:3      | Reached XP level 3. HP: 22/34 MP: 2/2
  1477 | D:5      | Entered Level 5 of the Dungeon
  1485 | D:5      | Reached XP level 4. HP: 20/41 MP: 3/3
  1710 | D:5      | Reached ** piety under Trog
  2017 | D:6      | Reached skill level 5 in Fighting
  2017 | D:6      | Reached skill level 5 in Axes
  2017 | D:6      | Reached XP level 5. HP: 45/48 MP: 4/4
  2054 | D:6      | Noticed a centaur
  2076 | D:6      | Killed a centaur
  2455 | D:6      | Noticed a komodo dragon
  2458 | D:6      | Reached XP level 6. HP: 53/56 MP: 5/5
  2468 | D:6      | Killed a komodo dragon
  2469 | D:6      | Reached XP level 7. HP: 48/63 MP: 6/6
  2546 | D:6      | HP: 3/64 [poisoned by a scorpion]
  2547 | D:6      | HP: 1/64 [poisoned by a scorpion]
  2548 | D:6      | Succumbed to a scorpion's poison

Illustrated notes

Levels and vault maps discovered:
D:1:      dpeg_arrival_brainrot, layout_basic, serial_shops, shop_statue,
          nicolae_shop_waterfront, nicolae_shop_stone, shop, shop_statue
D:2:      minmay_wonky_spiral, layout_basic, serial_shops,
          nicolae_shop_bloodbath_and_beyond, uniq_terence,
          uniq_crazy_yiuf_cottage, uniq_jessica
D:3:      layout_rooms, serial_shops, shop, roderic_filled_cross,
          chequers_serial_rivers_micro_c, uniq_robin
D:4:      layout_basic, minmay_temple_entry_junction, hangedman_decor_points,
          uniq_natasha
D:5:      layout_basic, dk_yredelemnul_ordeal
D:6:      layout_cave_pools, beargit_hepliaklqana_dungeon_heroes,
          nicolae_tso_swordbearing_angel

Skill      XL: |  1  2  3  4  5  6  7 |
---------------+----------------------+-----
Fighting       | 4 5 6 |  6.4
Axes           | 4 5 6 |  6.4
Armour         | 3 4 |  4.4
Dodging        | 3 4 |  4.0

Action                   |  1- 3 |  4- 6 |  7- 9 || total
-------------------------+-------+-------+-------++-------
Melee: Hand axe          |    55 |    26 |     7 ||    88
       Headbutt          |     4 |     5 |       ||     9
Invok: Berserk           |     3 |     3 |     1 ||     7
       Trog's Hand       |       |     1 |       ||     1
Armor: Animal skin       |     8 |     4 |     1 ||    13
Dodge: Dodged            |    32 |    22 |     3 ||    57
